 Dungeon Crawl Stone Soup version 0.32-a0-7-ge934b4519a (webtiles) character file.

Game seed: 15898332262517605405

152804 Implojin the Spry (level 16, -2/95 HPs)
             Began as a Deep Elf Brigand on Jan 13, 2024.
             Was a High Priest of Hepliaklqana.
             Slain by a six-headed hydra simulacrum (37 damage)
             ... on level 4 of the Swamp.
             The game lasted 01:32:38 (32861 turns).

Implojin the Spry (Deep Elf Brigand)               Turns: 32861, Time: 01:32:38

Health: -2/95      AC: 27    Str: 10    XL:     16   Next: 81%
Magic:  24/24      EV: 24    Int: 19    God:    Hepliaklqana [*****.]
Gold:   957        SH: 11    Dex: 20    Spells: 15/15 levels left

rFire   . . .        L - +3 rapier (flame)
rCold   . . .        c - +0 kite shield
rNeg    . . .        X - +0 swamp dragon scales
rPois   +            p - +2 helmet
rElec   .            B - +2 cloak
rCorr   .            R - +2 pair of gloves
SInv    .            l - +2 pair of boots
Will    +....        t - amulet of the acrobat
Stlth   ++++         f - +4 ring of protection
HPRegen 0.35/turn    C - +5 ring of evasion
MPRegen 0.19/turn

%: acrobat
@: no status effects
A: reduced essence
a: Renounce Religion, Recall Ancestor, Ancestor Identity, Transference, Idealise


You were on level 4 of the Swamp.
You worshipped Hepliaklqana.
Hepliaklqana was extremely pleased with you.
You visited 5 branches of the dungeon, and saw 27 of its levels.
You also visited: Sewer, Ossuary, Bailey and Ice Cave.

You collected 3332 gold pieces.
You spent 2375 gold pieces at shops.

Inventory:

Hand Weapons
 L - a +3 rapier of flaming (weapon)
Missiles
 d - 56 poisoned darts
 e - 4 curare-tipped darts
 A - 24 boomerangs (quivered)
 K - 19 javelins
 M - 5 atropa-tipped darts
 N - 8 throwing nets
 U - 3 silver javelins
 W - 2 darts of dispersal
Armour
 c - a +0 kite shield (worn)
 l - a +2 pair of boots (worn)
 p - a +2 helmet (worn)
 B - a +2 cloak (worn)
 R - a +2 pair of gloves (worn)
 X - +0 swamp dragon scales (worn)
 Z - a +3 ring mail of cold resistance
Jewellery
 f - a +4 ring of protection (left hand)
 k - a ring of flight
 t - an amulet of the acrobat (around neck)
 C - a +5 ring of evasion (right hand)
 E - the ring "Fadderocw" {Wiz rPois Str+6 Int+2 Dex-2}
   (You found it on level 3 of the Swamp)

   [ring of wizardry]

   Wiz:       It improves your spell success rate.
   Str+6:     It affects your strength (+6).
   Int+2:     It affects your intelligence (+2).
   Dex-2:     It affects your dexterity (-2).
   rPois:     It protects you from poison
 Y - a ring of resist corrosion
Wands
 h - a wand of roots (13)
 j - a wand of acid (15)
 F - a wand of mindburst (9)
 I - a wand of paralysis (11)
Scrolls
 m - 9 scrolls of teleportation
 o - a scroll of silence
 r - 2 scrolls of immolation
 s - 6 scrolls of fog
 u - 2 scrolls of fear
 v - a scroll of vulnerability
 y - 3 scrolls of blinking
 G - 3 scrolls of revelation
 H - 2 scrolls of butterflies
 S - a scroll of enchant armour
Potions
 a - 3 potions of cancellation
 b - 4 potions of heal wounds
 g - 2 potions of magic
 i - 8 potions of haste
 n - 6 potions of enlightenment
 q - 7 potions of curing
 w - 5 potions of mutation
 x - a potion of ambrosia
 z - 3 potions of might
 D - 2 potions of berserk rage
 J - a potion of invisibility
 O - 3 potions of attraction
 P - a potion of resistance
Miscellaneous
 Q - a condenser vane (inert)
 V - a phial of floods


   Skills:
 - Level 14.0 Fighting
 - Level 14.0 Short Blades
 - Level 7.0 Throwing
 - Level 10.0 Armour
 * Level 18.4 Dodging
 - Level 10.0 Stealth
 - Level 6.0 Shields
 - Level 8.0 Invocations
 - Level 8.0 Evocations


You had 15 spell levels left.
You didn't know any spells.
Your spell library contained the following spells:

 Spells                   Type           Power      Damage    Failure   Level
 Apportation              Tloc           0%         N/A       86%         1
 Freeze                   Ice            0%         1d3       86%         1
 Magic Dart               Conj           0%         1d3       86%         1
 Necrotise                Necr           0%         1d4       86%         1
 Sandblast                Erth           0%         2d4       86%         1
 Slow                     Hex            0%         N/A       86%         1
 Sting                    Conj/Alch      0%         1d3       86%         1
 Summon Small Mammal      Summ           0%         N/A       86%         1
 Blink                    Tloc           0%         N/A       94%         2
 Call Imp                 Summ           0%         N/A       94%         2
 Jinxbite                 Hex            0%         N/A       94%         2
 Lesser Beckoning         Tloc           0%         N/A       94%         2
 Mercury Vapours          Alch/Air       0%         N/A       94%         2
 Momentum Strike          Conj/Tloc      0%         3d8       94%         2
 Scorch                   Fire           0%         2d5       94%         2
 Sublimation of Blood     Necr           0%         N/A       94%         2
 Call Canine Familiar     Summ           0%         N/A       99%         3
 Confusing Touch          Hex            0%         N/A       99%         3
 Dazzling Flash           Conj/Hex       0%         N/A       99%         3
 Frozen Ramparts          Ice            0%         1d1       99%         3
 Fugue of the Fallen      Necr           0%         N/A       99%         3
 Hailstorm                Conj/Ice       0%         3d5       99%         3
 Mephitic Cloud           Conj/Alch/Air  0%         N/A       99%         3
 Ozocubu's Armour         Ice            0%         N/A       99%         3
 Passwall                 Erth           0%         N/A       99%         3
 Sigil of Binding         Hex            0%         N/A       99%         3
 Stone Arrow              Conj/Erth      0%         3d7       99%         3
 Vampiric Draining        Necr           0%         2d6       99%         3
 Volatile Blastmotes      Fire/Tloc      0%         2d10      99%         3
 Brom's Barrelling Bould  Conj/Erth      0%         2d3       100%        4
 Leda's Liquefaction      Alch/Erth      0%         N/A       100%        4
 Manifold Assault         Tloc           0%         N/A       100%        4
 Martyr's Knell           Necr/Summ      0%         N/A       100%        4
 Olgreb's Toxic Radiance  Alch           0%         N/A       100%        4
 Petrify                  Alch/Erth      0%         N/A       100%        4
 Summon Blazeheart Golem  Fire/Summ      0%         N/A       100%        4
 Vhi's Electric Charge    Tloc/Air       0%         N/A       100%        4
 Alistair's Intoxication  Alch           0%         N/A       100%        5
 Arcjolt                  Conj/Air       0%         1d10      100%        5
 Borgnjor's Vile Clutch   Necr/Erth      0%         N/A       100%        5
 Curse of Agony           Necr           0%         N/A       100%        5
 Freezing Cloud           Conj/Ice/Air   0%         6-21      100%        5
 Lee's Rapid Deconstruct  Erth           0%         3d4*      100%        5
 Metabolic Englaciation   Hex/Ice        0%         N/A       100%        5
 Silence                  Hex/Air        0%         N/A       100%        5
 Bombard                  Conj/Erth      0%         9d1       100%        6
 Dispersal                Tloc           0%         N/A       100%        6
 Plasma Beam              Fire/Air       0%         2x1d10    100%        6
 Starburst                Conj/Fire      0%         6d3       100%        6
 Summon Hydra             Summ           0%         N/A       100%        7
 Disjunction              Tloc           0%         N/A       100%        8
 Ignition                 Fire           0%         3d3       100%        8
 Maxwell's Capacitive Co  Air            0%         ∞         100%        8
 Shatter                  Erth           0%         3d5*      100%        9


Dungeon Overview and Level Annotations

Branches:
Dungeon (15/15)            Temple (1/1) D:4            Lair (5/5) D:10
  Swamp (4/4) Lair:2       Spider (0/4) Lair:2        Slime (0/5) Lair:5
    Orc (2/2) D:10            Elf (0/3) Orc:2        Vaults (0/5) D:14
 Depths (0/4) D:15          Sewer (visited)         Ossuary (visited)
 Bailey (visited)           IceCv (visited)

Altars:
Ashenzari
Cheibriados
Dithmenos
Elyvilon
Fedhas
Gozag
Hepliaklqana
Kikubaaqudgha
Makhleb
Nemelex Xobeh
Okawaru
Qazlal
Ru
Sif Muna
Trog
Uskayaw
Vehumet
Wu Jian
Xom
Yredelemnul
Zin
The Shining One

Shops:
D:3 !(=   D:10 ([   D:11 [   Orc:2 (*!??

Annotations:
D:13 2 transporters, exclusion: 2 obsidian statues, Dodiz's ghost, journeyman BaFi; Lauc's ghost, journeyman VSFi


Message History

You block the six-headed hydra skeleton's attack.
The six-headed hydra skeleton barely misses you.
The six-headed hydra skeleton closely misses you.
You block the six-headed hydra skeleton's attack.
The six-headed hydra skeleton bites you but does no damage.
The ghoul completely misses you. You block the ghoul's attack.
You hit the ghoul. You burn the ghoul.
The ghoul is lightly damaged. 🦀 casts a spell at the ghoul.
The ghoul resists with almost no effort.
You barely miss the ghoul.
The ghoul is lightly damaged.
You block the ghoul's attack. x2; 🦀 barely misses the ghoul.
You block the six-headed hydra skeleton's attack.
The six-headed hydra skeleton completely misses you.
The six-headed hydra skeleton bites you but does no damage. x2
The six-headed hydra skeleton barely misses you.
The six-headed hydra skeleton completely misses you.
You hit the six-headed hydra simulacrum but do no damage.
The six-headed hydra simulacrum misses you.
The six-headed hydra simulacrum closely misses you.
You block the six-headed hydra simulacrum's attack. x3
The six-headed hydra simulacrum completely misses you. 🦀 hits the ghoul with a +0 dagger of draining!
The ghoul claws you but does no damage. The ghoul barely misses you.
You puncture the six-headed hydra simulacrum!
You melt the six-headed hydra simulacrum.
The six-headed hydra simulacrum is heavily damaged. 🦀 barely misses the ghoul.
The six-headed hydra skeleton bites you but does no damage.
The six-headed hydra skeleton misses you.
The six-headed hydra skeleton bites you!
You block the six-headed hydra skeleton's attack.
The six-headed hydra skeleton bites you but does no damage.
You block the six-headed hydra skeleton's attack.
The six-headed hydra simulacrum bites you but does no damage.
The six-headed hydra simulacrum completely misses you.
The six-headed hydra simulacrum bites you.
The six-headed hydra simulacrum freezes you!!!
You die...

~~~~...~~~.~~..♣♣♣♣
~~~..y.~...§..♣♣♣.♣♣
..~.~.~.~.~..~♣♣.~.♣
...~.D(.......♣..~.♣♣♣♣
~.[....~..~.~~~.~~~.♣.♣♣
.~...D...~.~..~.~~.~...♣
...†D~...~.~...~~.♣~♣§.♣♣
♣..[♣#~~♣~...Z.Z~..~.~..♣
#~.#
♣#......Z@n♣~♣.~~~♣♣♣♣♣♣♣
~k.
#♣~~...~R♣.♣♣♣..♣♣♣♣..~♣
.~
##......~~.♣..~~..♣~~.♣
##.~~~...♣♣♣...~~.~~~♣
##♣♣.~♣♣♣♣♣...~~~...♣♣
♣..~.♣♣♣.~~~.......♣
##..~~~♣.~~~~.~§~~.~
##~.~~..~~~~..~~~.♣
###♣~♣..~§~..~~~.♣


You could see the friendly 🦀 the hexer, a ghoul (ally target), a six-headed
hydra simulacrum, a swamp drake zombie and a six-headed hydra skeleton.

Vanquished Creatures
  Rupert (D:14)
  A tengu reaver (D:15)
  Gastronok (Orc:1)
  A storm dragon (D:15)
  A fire giant (D:15)
  Louise (Swamp:1)
  Nessos (Lair:5)
  3 eleionomae
  2 bunyips
  3 ettins
  An entropy weaver (shapeshifter) (D:13)
  A shambling mangrove (Swamp:4)
  Josephine (D:15)
  9 hydras
  2 ghost crabs
  Harold (Orc:1)
  A centaur warrior (D:14)
  6 alligators
  3 boulder beetles
  8 two-headed ogres
  Erica (Orc:1)
  A tengu warrior (D:15)
  2 orc high priests (Orc:2)
  A skyshark (Lair:3)
  A deep troll (D:15)
  3 skeletal warriors
  Lodul (D:12)
  3 goliath frogs
  2 spriggan druids (Swamp:3)
  4 swamp dragons
  A lindwurm (Lair:4)
  A sun moth (Lair:5)
  An arcanist (D:14)
  2 bog bodies
  2 spectral hydras (Swamp:4)
  7 orc knights
  A deep elf pyromancer (D:14)
  A necromancer (IceCv)
  2 orc sorcerers (Orc:2)
  8 ugly things
  2 elephants (Lair:3)
  3 will-o-the-wisps
  A manticore (D:12)
  2 cyclopes
  3 black mambas
  A kobold blastminer (Orc:2)
  2 ice statues (IceCv)
  2 gargoyles
  21 cane toads
  Jeremiah (D:8)
  5 rime drakes
  A cane toad (shapeshifter) (D:14)
  A freezing wraith (IceCv)
  An unseen horror (D:6)
  2 ice devils (IceCv)
  11 komodo dragons
  2 anaconda simulacra (IceCv)
  2 tengu conjurers
  A burning bush (Lair:2)
  9 trolls
  2 polar bears
  A bloated husk (Swamp:4)
  5 tyrant leeches
  A dream sheep (Lair:5)
  A hydra skeleton (Swamp:4)
  10 hornets
  22 blink frogs
  A raiju (shapeshifter) (D:13)
  A centaur simulacrum (D:15)
  10 slime creatures
  3 shadows
  9 spriggans
  5 wyverns
  A water elemental (D:11)
  6 wraiths
  A basilisk (Lair:2)
  25 yaks
  A warg (shapeshifter) (D:15)
  3 dire elephant simulacra (IceCv)
  A steam dragon (D:8)
  11 vampire mosquitoes
  15 swamp worms
  A harpy simulacrum (IceCv)
  2 acid dragons
  4 water moccasins
  A hydra simulacrum (IceCv)
  A black bear (D:6)
  A swamp drake (Swamp:4)
  15 orc warriors
  A laughing skull (D:14)
  14 ogres
  8 wolves
  8 centaurs
  An elf zombie (Ossuary)
  2 kobold brigands
  A brain worm (Sewer)
  14 bullfrogs
  8 gnoll sergeants
  A weeping skull (Ossuary)
  6 scorpions
  A hornet simulacrum (D:15)
  11 wights
  A burial acolyte (Ossuary)
  An elephant simulacrum (IceCv)
  9 electric eels
  5 howler monkeys
  A centaur zombie (Ossuary)
  A human zombie (Ossuary)
  7 hounds
  2 jellies (D:6)
  16 orc priests
  5 gnoll boudas (Bailey)
  Crazy Yiuf (D:4)
  4 iguanas
  18 orc wizards
  A hexer (D:11)
  A wolf simulacrum (IceCv)
  A hound zombie (Ossuary)
  2 mummies (Ossuary)
  8 adders
  21 gnolls
  A naga simulacrum (IceCv)
  2 river rats (Sewer)
  A swamp drake skeleton (Swamp:4)
  A shadow imp (D:6)
  6 white imps
  2 ufetubi (D:6)
  7 ribbon worms
  4 dart slugs
  45 orcs
  10 ball pythons
  14 bats
  7 endoplasms
  7 giant cockroaches
  9 goblins
  10 hobgoblins
  6 jackals
  11 kobolds
  4 quokkas
  6 frilled lizards
  A kobold zombie (Ossuary)
  12 rats
673 creatures vanquished.

Vanquished Creatures (collateral kills)
  A fenstrider witch (Swamp:4)
  An eleionoma (Swamp:1)
  A shambling mangrove (Swamp:3)
  5 hydras
  2 alligators (Swamp:1)
  An ogre mage (D:15)
  2 two-headed ogres
  A centaur warrior (D:13)
  A tengu warrior (D:15)
  A death yak (Lair:2)
  An orc high priest (Orc:2)
  An occultist (D:15)
  2 skeletal warriors (D:15)
  A swamp dragon (Swamp:4)
  An arcanist (D:14)
  2 bog bodies (Swamp:4)
  3 will-o-the-wisps
  4 ugly things
  3 cyclopes
  3 elephants
  An orc sorcerer (Orc:1)
  A black mamba (Lair:3)
  A kobold blastminer (Orc:1)
  7 cane toads
  3 komodo dragons
  An unseen horror (D:12)
  A tengu conjurer (D:13)
  A rime drake (Lair:3)
  3 ice devils (IceCv)
  A burning bush (Lair:2)
  2 trolls
  A merfolk (D:11)
  4 hornets
  A hornet (shapeshifter) (D:13)
  3 blink frogs
  4 tyrant leeches
  3 dream sheep (Lair:5)
  7 slime creatures
  A shadow (D:12)
  Sigmund (D:6)
  3 spriggans
  2 wyverns
  A water elemental (D:11)
  11 yaks
  A wraith (D:8)
  A dire elephant simulacrum (IceCv)
  A basilisk (Lair:1)
  A warg (Orc:1)
  9 vampire mosquitoes
  2 swamp worms
  A hydra simulacrum (IceCv)
  A harpy simulacrum (IceCv)
  8 water moccasins
  A swamp drake (Swamp:4)
  6 orc warriors
  A laughing skull (D:14)
  An ogre (D:5)
  A centaur (D:8)
  5 wolves
  A phantom (D:5)
  4 kobold brigands (D:11)
  12 bullfrogs
  2 gnoll sergeants
  4 wights
  3 howler monkeys
  2 bombardier beetles
  3 hounds
  3 orc priests
  10 orc wizards
  15 gnolls
  An adder (D:6)
  17 orcs
  A quokka (D:5)
219 creatures vanquished.

Vanquished Creatures (others)
  A deep elf pyromancer (D:15)
  A bloated husk (Swamp:2)
  An orc priest (Orc:2)
  22 hexers
  A goblin (D:8)
  17 foxfires
43 creatures vanquished.

Grand Total: 935 creatures vanquished

Notes
Turn   | Place    | Note
-------+----------+-------------------------------------------
     0 | D:1      | Implojin the Deep Elf Brigand began the quest for the Orb.
     0 | D:1      | Reached XP level 1. HP: 12/12 MP: 3/3
   127 | D:1      | Reached XP level 2. HP: 15/16 MP: 4/4
   439 | D:1      | Reached XP level 3. HP: 11/20 MP: 5/5
   951 | D:2      | Reached skill level 5 in Stealth
   951 | D:2      | Reached XP level 4. HP: 17/26 MP: 6/6
  1814 | D:3      | Found Vasmox's Weapon Shoppe.
  1817 | D:3      | Reached skill level 2 in Dodging
  2005 | D:3      | Found a sparkling altar of Nemelex Xobeh.
  2102 | D:3      | Found a faded altar of an unknown god.
  2211 | D:3      | Reached skill level 3 in Dodging
  2249 | D:3      | Found a glowing drain.
  2255 | Sewer    | Entered a sewer
  2261 | Sewer    | Reached XP level 5. HP: 30/30 MP: 7/7
  2464 | Sewer    | Reached skill level 4 in Dodging
  2749 | Sewer    | Reached skill level 5 in Dodging
  2807 | D:3      | Found Oxzidyun's Distillery.
  2813 | D:3      | Bought a potion of curing for 36 gold pieces
  2813 | D:3      | Bought a potion of heal wounds for 60 gold pieces
  2813 | D:3      | Bought a potion of might for 48 gold pieces
  2813 | D:3      | Bought a potion of ambrosia for 96 gold pieces
  2928 | D:3      | Found Muul's Jewellery Shoppe.
  3323 | D:3      | Reached XP level 6. HP: 27/35 MP: 8/8
  3388 | D:4      | Found a sand-covered staircase.
  3393 | Ossuary  | Entered an ossuary
  3393 | Ossuary  | Found a huge runed translucent gate.
  3393 | Ossuary  | Found a huge runed translucent gate.
  3393 | Ossuary  | Found a huge runed translucent gate.
  3393 | Ossuary  | Found a huge runed translucent gate.
  3393 | Ossuary  | Found a huge runed translucent gate.
  3393 | Ossuary  | Found a huge runed translucent gate.
  3393 | Ossuary  | Found a huge runed translucent gate.
  3393 | Ossuary  | Found a huge runed translucent gate.
  3394 | Ossuary  | Found a huge runed translucent gate.
  3394 | Ossuary  | Found a huge runed translucent gate.
  3394 | Ossuary  | Found a huge runed translucent gate.
  3395 | Ossuary  | Found a huge runed translucent gate.
  3395 | Ossuary  | Found a huge runed translucent gate.
  3397 | Ossuary  | Found a huge runed translucent gate.
  3397 | Ossuary  | Found a huge runed translucent gate.
  3411 | Ossuary  | Reached skill level 6 in Dodging
  3411 | Ossuary  | Found a huge runed translucent gate.
  3411 | Ossuary  | Found a huge runed translucent gate.
  3411 | Ossuary  | Found a huge runed translucent gate.
  3411 | Ossuary  | Found a huge runed translucent gate.
  3412 | Ossuary  | Found a huge runed translucent gate.
  3414 | Ossuary  | Found a huge runed translucent gate.
  3415 | Ossuary  | Found a huge runed translucent gate.
  3416 | Ossuary  | Found a huge runed translucent gate.
  3416 | Ossuary  | Found a huge runed translucent gate.
  3416 | Ossuary  | Found a huge runed translucent gate.
  3416 | Ossuary  | Found a huge runed translucent gate.
  3416 | Ossuary  | Found a huge runed translucent gate.
  3416 | Ossuary  | Found a huge runed translucent gate.
  3515 | Ossuary  | Found a huge runed translucent gate.
  3515 | Ossuary  | Found a huge runed translucent gate.
  3519 | Ossuary  | Found a huge runed translucent gate.
  3519 | Ossuary  | Found a huge runed translucent gate.
  3519 | Ossuary  | Found a huge runed translucent gate.
  3519 | Ossuary  | Found a huge runed translucent gate.
  3521 | Ossuary  | Found a huge runed translucent gate.
  3561 | Ossuary  | Reached skill level 5 in Short Blades
  3651 | Ossuary  | Reached XP level 7. HP: 34/40 MP: 9/9
  3771 | D:4      | Found an ornate altar of the Wu Jian Council.
  3813 | D:4      | Found a staircase to the Ecumenical Temple.
  3897 | Temple   | Entered the Ecumenical Temple
  3905 | Temple   | Became a worshipper of Hepliaklqana the Forgotten
  4142 | D:4      | Found a runed translucent door.
  4143 | D:4      | Noticed Crazy Yiuf
  4257 | D:4      | Found a shimmering altar of Xom.
  4636 | D:4      | Killed Crazy Yiuf
  4673 | D:5      | Entered Level 5 of the Dungeon
  4736 | D:3      | Bought a +5 ring of evasion for 396 gold pieces
  4794 | D:5      | Reached * piety under Hepliaklqana
  5248 | D:5      | Reached XP level 8. HP: 43/43 MP: 10/10
  5336 | D:5      | Found an ancient bone altar of Kikubaaqudgha.
  5741 | D:5      | Reached ** piety under Hepliaklqana
  5742 | D:5      | Remembered your ancestor 🦀 as a hexer
  6429 | D:6      | Found a glowing golden altar of the Shining One.
  6663 | D:6      | Killed an unseen horror
  6762 | D:6      | Reached XP level 9. HP: 46/46 MP: 11/11
  6854 | D:6      | Noticed Sigmund
  6862 | D:6      | Killed Sigmund
  6863 | D:6      | Reached skill level 7 in Dodging
  6967 | D:6      | Got the Incunabulum of Shades and Orogeny
  7028 | D:6      | Reached skill level 8 in Dodging
  7324 | D:6      | Found a burning altar of Makhleb.
  7562 | D:7      | Found an opulent altar of Gozag.
  7628 | D:7      | Reached skill level 9 in Dodging
  7699 | D:7      | Found a snail-covered altar of Cheibriados.
  8501 | D:8      | Reached *** piety under Hepliaklqana
  8536 | D:8      | Reached skill level 10 in Dodging
  8592 | D:8      | Reached skill level 1 in Evocations
  8626 | D:8      | Found a flagged portal.
  8649 | Bailey   | Entered a bailey
  8924 | Bailey   | Reached skill level 5 in Evocations
  8951 | Bailey   | Reached XP level 10. HP: 35/51 MP: 12/12
  9656 | D:8      | Noticed Jeremiah
  9676 | D:8      | Killed Jeremiah
  9677 | D:8      | Reached skill level 5 in Throwing
 11118 | D:9      | Reached skill level 5 in Fighting
 11839 | D:9      | Reached **** piety under Hepliaklqana
 12125 | D:10     | Entered Level 10 of the Dungeon
 12134 | D:10     | Found Joam's Armour Emporium.
 12135 | D:10     | Found a staircase to the Orcish Mines.
 12136 | D:10     | Found Lusy's Weapon Emporium.
 12402 | D:10     | Reached XP level 11. HP: 47/62 MP: 13/13
 12917 | D:10     | Reached skill level 10 in Fighting
 13160 | D:10     | Found a staircase to the Lair.
 13484 | D:3      | Bought a +4 ring of protection for 396 gold pieces
 13744 | D:11     | Found a frozen archway.
 13779 | IceCv    | Entered an ice cave
 14461 | IceCv    | Reached skill level 10 in Short Blades
 14984 | IceCv    | Noticed a bog body
 14984 | IceCv    | Noticed a necromancer
 14985 | IceCv    | Killed a bog body
 14986 | IceCv    | Killed a necromancer
 15221 | D:11     | Noticed a two-headed ogre
 15227 | D:11     | Killed a two-headed ogre
 15300 | D:11     | Reached XP level 12. HP: 69/69 MP: 14/14
 15406 | D:11     | Reached ***** piety under Hepliaklqana
 15514 | D:11     | Found Ruttya's Armour Shoppe.
 16029 | D:11     | Found a shimmering blue altar of Sif Muna.
 16132 | Lair:1   | Entered Level 1 of the Lair of Beasts
 16412 | Lair:1   | Reached skill level 1 in Invocations
 16553 | Lair:1   | Reached skill level 5 in Invocations
 16780 | Lair:2   | Noticed a death yak
 16792 | Lair:2   | Noticed a four-headed hydra
 16803 | Lair:2   | Killed a four-headed hydra
 16820 | Lair:2   | Found a hole to the Spider Nest.
 16855 | Lair:2   | Reached XP level 13. HP: 79/79 MP: 20/20
 17050 | Lair:2   | Reached skill level 1 in Armour
 17295 | Lair:2   | Found a staircase to the Swamp.
 17295 | Lair:2   | Noticed an eleionoma
 17308 | Lair:2   | Killed an eleionoma
 17688 | Lair:3   | Reached skill level 5 in Armour
 18535 | Lair:4   | Reached skill level 1 in Shields
 19090 | Lair:4   | Found a glowing golden altar of the Shining One.
 19312 | Lair:5   | Entered Level 5 of the Lair of Beasts
 19449 | Lair:5   | Noticed Nessos
 19457 | Lair:5   | Killed Nessos
 19472 | Lair:5   | Reached XP level 14. HP: 84/84 MP: 22/22
 19500 | Lair:5   | Reached skill level 5 in Shields
 19577 | Lair:5   | Noticed Urug
 19582 | Lair:5   | Urug changed into Urug the sun moth
 19582 | Lair:5   | Noticed Urug
 19590 | Lair:5   | Killed Urug the sun moth
 19805 | Lair:5   | Got an earthy gem with 468 turns to spare
 19878 | Lair:5   | Identified the +0 ring mail of Toxouh {Slay+3 Stlth+}
 19895 | Lair:5   | Reached skill level 11 in Dodging
 20019 | Lair:5   | Found a staircase to the Slime Pits.
 20119 | Lair:5   | Reached ****** piety under Hepliaklqana
 20280 | Lair:5   | Lost the earthy gem through the power of Zot.
 20763 | D:12     | Reached skill level 12 in Dodging
 21699 | D:12     | Reached skill level 13 in Dodging
 21709 | D:12     | Noticed Lodul
 21729 | D:12     | Killed Lodul
 22352 | D:13     | Noticed Dodiz's ghost (journeyman BaFi)
 22358 | D:13     | Noticed Lauc's ghost (journeyman VSFi)
 22378 | D:13     | Reached skill level 14 in Dodging
 22491 | D:13     | Found a transporter.
 22515 | D:13     | Found a transporter.
 23222 | D:14     | Identified the +3 scale mail of the Eternal Fruit {Harm
                  | +Blink Regen+ Dex-4}
 23370 | D:14     | Noticed Rupert
 23516 | D:14     | Found a gate to the Vaults.
 23763 | D:14     | Reached XP level 15. HP: 79/88 MP: 23/23
 24121 | D:14     | Killed Rupert
 24141 | D:15     | Entered Level 15 of the Dungeon
 24777 | D:15     | Reached skill level 10 in Armour
 24809 | D:15     | Found a staircase to the Depths.
 25236 | D:15     | Noticed a tengu reaver
 25609 | D:15     | Noticed a fire giant
 25614 | D:15     | Killed a fire giant
 25617 | D:15     | Killed a tengu reaver
 25669 | D:15     | Noticed Josephine
 25683 | D:15     | Killed Josephine
 25758 | D:15     | Noticed a storm dragon
 25767 | D:15     | Killed a storm dragon
 25778 | D:15     | Got the Omnibus of Calescent Conduction
 26348 | Orc:1    | Entered Level 1 of the Orcish Mines
 26348 | Orc:1    | Noticed Harold
 26660 | Orc:1    | Killed Harold
 26983 | Orc:2    | Entered Level 2 of the Orcish Mines
 27674 | Orc:2    | Found a staircase to the Elven Halls.
 27719 | Orc:2    | Reached skill level 15 in Dodging
 27827 | Orc:2    | Found Qog Nuigguco's Weapon Shoppe.
 28006 | Orc:2    | Found Ityneuj's Assorted Antiques.
 28006 | Orc:2    | Found Mergh's Magic Scroll Shoppe.
 28116 | Orc:2    | Found Qirhuank's Distillery.
 28116 | Orc:2    | Found Kuloes Zaha's Magic Scroll Shoppe.
 28203 | Orc:1    | Noticed Gastronok
 28220 | Orc:1    | Killed Gastronok
 28540 | Orc:1    | Noticed Erica
 28546 | Orc:1    | Killed Erica
 28720 | Orc:2    | Bought a scroll of fog for 60 gold pieces
 28720 | Orc:2    | Bought 2 scrolls of enchant armour for 225 gold pieces
 28720 | Orc:2    | Bought a scroll of butterflies for 60 gold pieces
 28808 | Orc:2    | Bought a scroll of fog for 44 gold pieces
 28808 | Orc:2    | Bought a scroll of fear for 44 gold pieces
 28808 | Orc:2    | Bought a scroll of teleportation for 33 gold pieces
 28813 | Orc:2    | Bought a scroll of teleportation for 87 gold pieces
 28813 | Orc:2    | Bought a blackened garnet ring for 145 gold pieces
 28817 | Orc:2    | Bought a potion of haste for 150 gold pieces
 28817 | Orc:2    | Bought a potion of mutation for 120 gold pieces
 28817 | Orc:2    | Bought a potion of curing for 45 gold pieces
 28817 | Orc:2    | Bought a potion of haste for 150 gold pieces
 28817 | Orc:2    | Bought a potion of curing for 45 gold pieces
 28817 | Orc:2    | Bought a potion of curing for 45 gold pieces
 28817 | Orc:2    | Bought a potion of attraction for 45 gold pieces
 28817 | Orc:2    | Bought a potion of attraction for 45 gold pieces
 28958 | Swamp:1  | Entered Level 1 of the Swamp
 28978 | Swamp:1  | Reached skill level 16 in Dodging
 29076 | Swamp:1  | Reached XP level 16. HP: 87/93 MP: 24/24
 29095 | Swamp:1  | Noticed Louise
 29106 | Swamp:1  | Killed Louise
 29570 | Swamp:1  | Reached skill level 17 in Dodging
 30391 | Swamp:2  | Reached skill level 10 in Stealth
 31199 | Swamp:3  | Identified the ring "Fadderocw" {Wiz rPois Str+6 Int+2
                  | Dex-2}
 31487 | Swamp:3  | Identified the +9 war axe of Yeast {speed, rElec rPois rC++
                  | Int-3}
 31829 | Swamp:4  | Entered Level 4 of the Swamp
 32379 | Swamp:4  | Reached skill level 18 in Dodging
 32861 | Swamp:4  | Slain by a six-headed hydra simulacrum

Illustrated notes

Levels and vault maps discovered:
D:1:      wander_arrival_desolate, layout_rooms, st_stairs_12
D:2:      layout_basic, minmay_pentomino_v4
D:3:      layout_loops_corners, mainiacjoe_overflow_alcove_4, serial_shops,
          shop, nicolae_shop_statue_plus, shop, portal_sewer_entry_e,
          hellmonk_ecumenical_altar_crossroads
D:4:      layout_basic, mainiacjoe_overflow_concentric_impassable,
          brannock_xom_greatest_gift, minmay_temple_entry_drinking_statues,
          enter_ossuary_2, minmay_crystal_room, minmay_cupped,
          uniq_crazy_yiuf_cottage
D:5:      layout_layer_cave, nicolae_kikubaaqudgha_miasma_corner,
          cheibrodos_gnoll_hut
D:6:      minmay_chambers_of_fours, layout_loops_cross, makhleb_grotto_becter,
          mainiacjoe_overflow_small_starburst, uniq_sigmund
D:7:      layout_basic, general_overflow_altar, cheibriados_altar_2
D:8:      wander_river, layout_basic, enter_bailey_5, minmay_manual_macuahuitl,
          uniq_jeremiah
D:9:      layout_basic, solitary_fountain
D:10:     layout_gridville, grunt_lair_entry_orc_guard_hut, orc_david_3,
          chequers_serial_rivers_micro_a, chequers_big_river,
          nicolae_water_bricks, patterned_corridor
D:11:     layout_small_grid, portal_ice_cave_entry_pillars_2, serial_shops,
          shop, serial_bayou, serial_bayou_shore_b, serial_bayou_lagoon_b,
          serial_bayou_pond_b, serial_bayou_pond_d, serial_bayou_ford_a,
          serial_bayou_pond_d, minmay_misc_feat_rugged, roadster_trireme
D:12:     layout_grid_maze, uniq_lodul
D:13:     layout_rooms, nzn_ghost_randoct, drop_trap
D:14:     layout_loops_cross, david_vaults_1, dreamdust_princess_corridor,
          uniq_rupert
D:15:     hangedman_depths_entry_civil_slaughter, layout_basic,
          minmay_checkered_concentric_circles, uniq_josephine
Temple:   eino_temple_lava
Lair:1:   layout_misc_corridors
Lair:2:   layout_hall_layers, alex1729_swamp_entry_worm_eleionoma,
          nicolae_spider_entry_non_spiders, evilmike_ambush
          [evilmike_ambush_outer_corners, evilmike_ambush_inner_basic],
          grunt_megastairs_5
Lair:3:   layout_cave_shapes, grunt_forest_large_clearing_hut,
          infiniplex_staircase_pool_2, grunt_megastairs_3
Lair:4:   layout_roguey, basic_altar, chequers_serial_rivers_small_3,
          lemuel_fruit_tree
Lair:5:   minmay_lair_end_frog_pond, layout_long_grid,
          dpeg_slime_entry_enclosed, uniq_urug, uniq_nessos
Swamp:1:  layout_falls_marsh, nicolae_swamp_little_swirl, swamp_pool_4,
          nicolae_swamp_alligator_family, infiniplex_staircase_pool, uniq_louise
Swamp:2:  layout_falls_marsh, evilmike_swamp_ruin_house_2
Swamp:3:  layout_falls_marsh, serial_swamp_ruin, evilmike_swamp_ruin_house_3,
          evilmike_swamp_ruin_house_5, evilmike_swamp_ruin_house_4,
          swamp_pool_1_2, water_boxes_lemuel
Swamp:4:  byrel_swamp_growth_death_and_undeath, layout_basic_swamp,
          swamp_pool_4, nicolae_swamp_spooky_pond
Orc:1:    layout_diamond_mine, basic_altar, uniq_harold, uniq_gastronok,
          uniq_erica
Orc:2:    grunt_orc_tribal_feast, layout_caves, serial_shops,
          nicolae_shop_pleasant_corner_grove

Skill      XL: |  1  2  3  4  5  6  7  8  9 10 11 12 13 14 15 16 |
---------------+-------------------------------------------------+-----
Short Blades   | 3 4 5 6 8 12 14 | 14.0
Fighting       | 2 4 8 10 13 14 | 14.0
Stealth        | 5 8 10 | 10.0
Dodging        | 3 5 6 10 14 16 18 | 18.4
Throwing       | 3 7 |  7.0
Evocations     | 5 6 8 |  8.0
Invocations    | 7 8 |  8.0
Armour         | 7 8 10 | 10.0
Shields        | 4 6 |  6.0

Action                     |  1- 3 |  4- 6 |  7- 9 | 10-12 | 13-15 | 16-18 || total
---------------------------+-------+-------+-------+-------+-------+-------++-------
  Melee: Dagger            |   125 |   254 |   170 |       |       |       ||   549
         Punch             |     1 |     6 |     4 |    15 |     3 |       ||    29
         Short sword       |       |       |   267 |   869 |   545 |       ||  1681
         Rapier            |       |       |       |       |   914 |   465 ||  1379
  Throw: Dart              |    13 |     5 |    27 |       |     5 |       ||    50
         Boomerang         |       |       |       |    52 |    17 |    32 ||   101
         Throwing net      |       |       |       |       |     3 |     6 ||     9
 Invoke: Ancestor Identity |       |       |     1 |       |       |       ||     1
         Ancestor Life: He |       |       |     1 |       |       |       ||     1
         Idealise          |       |       |       |     1 |     9 |     4 ||    14
         Recall Ancestor   |       |       |       |     1 |     4 |     4 ||     9
  Evoke: Wand              |       |     1 |       |    43 |    23 |    10 ||    77
         Condenser vane    |       |       |       |       |     3 |     1 ||     4
         Phial of floods   |       |       |       |       |     1 |     1 ||     2
    Use: Scroll            |       |    11 |     3 |    10 |    14 |     8 ||    46
         Potion            |       |       |     1 |     5 |     3 |     5 ||    14
   Stab: Sleeping          |     6 |    10 |    12 |    12 |     7 |     1 ||    48
         Distracted        |       |     1 |     5 |    17 |    26 |     7 ||    56
         Confused          |       |       |    12 |    22 |    57 |    10 ||   101
         Paralysed         |       |       |       |       |    42 |    23 ||    65
         Held in net/web   |       |       |       |       |     3 |     3 ||     6
 Armour: Robe              |     4 |       |       |       |       |       ||     4
         Leather armour    |     7 |       |    59 |    60 |       |       ||   126
         Ring mail         |    47 |   143 |    39 |       |   282 |   116 ||   627
         Steam dragon scal |       |       |    14 |   106 |       |       ||   120
         Troll leather arm |       |       |       |   124 |   181 |       ||   305
         Acid dragon scale |       |       |       |     2 |       |       ||     2
         Swamp dragon scal |       |       |       |       |       |    93 ||    93
  Dodge: Dodged            |    49 |   171 |   352 |   674 |   990 |   352 ||  2588
  Block: Buckler           |       |       |       |       |   358 |    92 ||   450
         Kite shield       |       |       |       |       |       |    88 ||    88

Table legend: (Time is in decaauts)
 A = Elapsed time spent in this place.
 B = Non-inter-level travel time spent in this place.
 C = Inter-level travel time spent in this place.
 D = Time resting spent in this place.
 E = Time spent auto-exploring this place.
 F = Levels seen in this place.
 G = Mean time per level.
                   A        B        C        D        E       F      G
               +--------+--------+--------+--------+--------+-----+--------+
         Total |  31739 |  29782 |   1957 |   3990 |  16758 |  31 | 1023.8 |
       Dungeon |  18526 |  17122 |   1404 |   1369 |  11364 |  15 | 1235.1 |
        Temple |     16 |     16 |      0 |      0 |      0 |   1 |   16.0 |
          Lair |   4128 |   3777 |    351 |     66 |   2127 |   5 |  825.6 |
         Swamp |   3911 |   3866 |     45 |    836 |   1765 |   4 |  977.8 |
  Orcish Mines |   2163 |   2009 |    154 |    449 |    949 |   2 | 1081.5 |
         Sewer |    523 |    523 |      0 |      0 |    284 |   1 |  523.0 |
       Ossuary |    322 |    322 |      0 |    138 |      0 |   1 |  322.0 |
        Bailey |    889 |    889 |      0 |    299 |    230 |   1 |  889.0 |
      Ice Cave |   1258 |   1258 |      0 |    833 |     39 |   1 | 1258.0 |
               +--------+--------+--------+--------+--------+-----+--------+

Top non-repeatable levels by time:
     D:8: 1760 daAuts
    D:14: 1719 daAuts
    D:10: 1681 daAuts
     D:5: 1542 daAuts
    D:12: 1396 daAuts
    D:15: 1348 daAuts
   IceCv: 1258 daAuts
 Swamp:1: 1233 daAuts
     D:3: 1176 daAuts
   Orc:1: 1128 daAuts
 Swamp:3: 1113 daAuts
    D:11: 1107 daAuts
     D:2: 1086 daAuts
     D:9: 1084 daAuts
     D:6: 1078 daAuts
